 Dungeon Crawl Stone Soup version 0.23-a0-143-g1adec7b (webtiles) character file.

9275 Amnesiac the Frost Mage (level 11, -3/68 HPs)
             Began as a Mummy Ice Elementalist on Sept 5, 2018.
             Was an Elder of Vehumet.
             Slain by a yak (11 damage)
             ... on level 9 of the Dungeon.
             The game lasted 00:21:00 (12850 turns).

Amnesiac the Frost Mage (Mummy Ice Elementalist)   Turns: 12850, Time: 00:21:01

Health: -3/68      AC:  7    Str: 12    XL:     11   Next: 20%
Magic:  4/24       EV: 12    Int: 24    God:    Vehumet [****..]
Gold:   413        SH:  4    Dex: 13    Spells: 18/28 levels left

rFire    . . .     SeeInvis .   a - +2 scimitar (flame)
rCold    + . .     Gourm    .   u - +0 buckler
rNeg     + + +     Faith    .   o - +2 robe {rF+}
rPois    ∞         Spirit   .   s - +0 helmet
rElec    .         Reflect  .   (no cloak)
rCorr    .         Harm     .   p - +0 pair of gloves
MR       +....                  f - +0 pair of boots
Stlth    ++........             (no amulet)
HPRegen  0.21/turn              d - +3 ring of intelligence
MPRegen  0.19/turn              q - +4 ring of intelligence

@: no status effects
A: no food or potions, fire vulnerability, cold resistance 1, negative energy
resistance 3, torment resistance, unbreathing
a: Renounce Religion


You were on level 9 of the Dungeon.
You worshipped Vehumet.
Vehumet was greatly pleased with you.
You were not hungry.

You visited 2 branches of the dungeon, and saw 11 of its levels.

You collected 413 gold pieces.

Inventory:

Hand Weapons
 a - a +2 scimitar of flaming (weapon)
 b - a +0 blowgun
 w - a +1 dagger of draining
Missiles
 e - 2 javelins (quivered)
 g - 33 poisoned needles
Armour
 f - a +0 pair of boots (worn)
 o - a +2 robe of fire resistance (worn)
 p - a +0 pair of gloves (worn)
 s - a +0 helmet (worn)
 u - a +0 buckler (worn)
Jewellery
 d - a +3 ring of intelligence (left hand)
 q - a +4 ring of intelligence (right hand)
Wands
 n - a wand of digging (13)
 t - a wand of enslavement (5)
 A - a wand of random effects (27)
 C - a wand of flame (26)
Scrolls
 c - a scroll of enchant weapon {!r}
 h - 3 scrolls of noise {!r}
 i - 2 scrolls of remove curse {!r}
 j - 2 scrolls of amnesia {!r}
 l - 3 scrolls of teleportation {!r}
 m - a scroll of enchant armour {!r}
 r - 2 scrolls of fog {!r}
 v - a scroll of blinking {!r}
 x - a scroll of immolation {!r}
 y - a scroll of random uselessness {!r}
 z - a scroll of vulnerability {!r}
 B - a scroll of magic mapping {!r}


   Skills:
 - Level 1.5 Dodging
 - Level 1.5 Stealth
 + Level 3.2 Shields
 + Level 9.3 Spellcasting
 * Level 9.4 Conjurations
 * Level 9.4 Ice Magic


You had 18 spell levels left.
You knew the following spells:

 Your Spells              Type           Power        Failure   Level  Hunger
a - Throw Icicle          Conj/Ice       ######..     1%          4    N/A
b - Searing Ray           Conj           ######       1%          2    N/A
d - Freeze                Ice            ####         1%          1    N/A
z - Ozocubu's Armour      Chrm/Ice       ####....     2%          3    N/A

Your spell library contained the following spells:

 Spells                   Type           Power        Failure   Level  Hunger
 Ignite Poison            Fire/Tmut/Pois ##......     5%          3    N/A
 Throw Frost              Conj/Ice       ######       1%          2    N/A
 Animate Skeleton         Necr           N/A          6%          1    N/A
 Pain                     Necr           ##..         6%          1    N/A
 Summon Ice Beast         Ice/Summ       ####....     9%          4    N/A
 Vampiric Draining        Necr           ##........   19%         3    N/A
 Animate Dead             Necr           N/A          52%         4    N/A
 Regeneration             Chrm/Necr      Unusable     N/A         3    N/A

Dungeon Overview and Level Annotations

Branches:
Dungeon (10/15)            Temple (1/1) D:4            Lair (0/6) D:10
    Orc: D:9-12

Altars:
Cheibriados
Dithmenos
Elyvilon
Fedhas
Hepliaklqana
Qazlal
Ru
Sif Muna
Trog
Uskayaw
Vehumet
Wu Jian
Xom
Yredelemnul
The Shining One

Shops:
D:8 :   D:9 :

Annotations:
D:7 exclusion: bullfrog, Harold


Innate Abilities, Weirdness & Mutations

You do not eat or drink.
Your flesh is vulnerable to fire.
You are immune to poison.
Your flesh is cold resistant. (rC+)
You are immune to negative energy. (rN+++)
You are immune to unholy pain and torment.
You can survive without breathing.


Message History

Aim: a yak (severely wounded)
The shard of ice hits the yak.
You kill the yak!
Vehumet accepts your kill.
You feel your power returning.
Unknown command.
Casting: Throw Icicle (safe; 1% risk of failure)
Confirm with . or Enter, or press ? or * to list all spells.
Aiming: Throw Icicle (safe; 1% risk of failure)
Press: ? - help, Shift-Dir - straight line, f - yak
Aim: a yak The shard of ice hits the yak.
The yak is moderately wounded.
The yak bellows!
Unknown command.
Casting: Throw Icicle (safe; 1% risk of failure)
Confirm with . or Enter, or press ? or * to list all spells.
Aiming: Throw Icicle (safe; 1% risk of failure)
Press: ? - help, Shift-Dir - straight line, f/p - yak
Aim: a yak (moderately wounded)
The shard of ice hits the yak.
The yak is almost dead.
Something hits you but does no damage.
Deactivating autopickup; reactivate with Ctrl-A.
Unknown command.
Something hits you.
Evoke which item? (* to show all) (? for menu, Esc to quit)
Aiming: Enslavement
Press: ? - help, Shift-Dir - straight line, f/p - yak
Aim: a yak (almost dead, chance to defeat MR: 46%) Nothing appears to happen.
Something hits you! x2; Something hits you.
Something hits you!
* * * LOW HITPOINT WARNING * * *
Evoke which item? (* to show all) (? for menu, Esc to quit)
Aiming: Enslavement
Press: ? - help, Shift-Dir - straight line, p - yak You detect the charmed unseen horror.
Reactivating autopickup.
The yak dies!
Vehumet accepts your kill. The yak gores your unseen horror!
What are your orders? t - Shout!
Orders for allies: a - Attack new target. r - Retreat! s - Stop attacking. g - Guard the area. f - Follow me.
Anything else - Cancel.
Guard this area!
There is a stone staircase leading up here.
You barely miss the yak.
The yak is heavily wounded.
The yak gores you.
* * * LOW HITPOINT WARNING * * *
The yak gores you!
* * * LOW HITPOINT WARNING * * *
The yak gores you!
* * * LOW HITPOINT WARNING * * *
You climb upwards.
There is a stone staircase leading down here.
Throwing (i - inventory)
e - 3 javelins (quivered)
Press: ? - help, Shift-Dir - straight line, f - yak
Aim: a yak (severely wounded)
You throw a javelin. The javelin barely misses the yak.
The yak gores you!
You die...

#.....#...##....#...⌠.⌠..
#....>#...##.†<.#....∩...
#.....#.........#...⌠.⌠..
#.....#........##...#....
#.....'........##'###....
#.....#...##........#....
#.....#...##.[.##...#...!
###'###..Y##...##...#....
#...#..@...........#....
#...#..............#....
#...#..............#....
####################....
#####


You could see a yak.

Vanquished Creatures
  Erica (D:8)
  2 two-headed ogres
  An unseen horror (D:10)
  Pikel (D:6)
  An elephant (D:10)
  3 trolls
  Grinder (D:7)
  Prince Ribbit (D:8)
  A shadow (D:9)
  7 yaks
  A wyvern (D:10)
  A basilisk (D:10)
  Menkaure (D:6)
  Duvessa (D:4)
  2 orc warriors
  A water moccasin (D:9)
  A black bear (D:6)
  A phantom (D:7)
  3 sky beasts
  3 slaves (D:6)
  2 ice beasts
  3 ogres
  3 centaurs
  A crocodile (D:9)
  2 bullfrogs
  Dowan (D:4)
  13 wights
  3 howler monkeys (D:9)
  6 crimson imps
  A bullfrog zombie (D:5)
  A centaur zombie (D:8)
  A quasit (D:8)
  6 hounds
  2 bullfrog skeletons (D:5)
  2 orc priests
  2 jellies (D:7)
  3 orc wizards
  2 centaur skeletons
  An iguana (D:5)
  4 worker ants
  2 hound skeletons
  A worker ant zombie (D:5)
  6 gnolls
  3 howler monkey skeletons
  14 adders
  A shadow imp (D:6)
  3 oozes
  2 adder skeletons (D:4)
  7 worms
  2 dart slugs
  4 leopard geckos
  26 orcs
  4 giant cockroaches
  3 goblins (D:2)
  2 hobgoblins (D:3)
  19 jackals
  5 quokkas
  A ball python (D:3)
  4 bats
  10 frilled lizards
  A jackal zombie (D:6)
  6 kobolds
  11 rats
230 creatures vanquished.

Vanquished Creatures (collateral kills)
  2 yaks
  A centaur (D:9)
  A howler monkey (D:6)
4 creatures vanquished.

Vanquished Creatures (others)
  2 yaks
  A slave (D:6)
  A centaur zombie (D:6)
  A bullfrog skeleton (D:4)
  An adder skeleton (D:5)
  2 fungi (D:3)
  3 plants (D:10)
11 creatures vanquished.

Grand Total: 245 creatures vanquished

Notes
Turn   | Place    | Note
-------+----------+-------------------------------------------
     0 | D:1      | Amnesiac the Mummy Ice Elementalist began the quest for the
                  | Orb.
     0 | D:1      | Reached XP level 1. HP: 13/13 MP: 4/4
     1 | D:1      | You fall through a shaft!
    69 | D:2      | Reached XP level 2. HP: 14/19 MP: 0/5
   712 | D:3      | Reached XP level 3. HP: 10/24 MP: 1/8
   849 | D:3      | Learned a level 3 spell: Ozocubu's Armour
  1380 | D:3      | Found a blossoming altar of Fedhas.
  1380 | D:3      | Found a stormy altar of Qazlal.
  1415 | D:3      | Reached XP level 4. HP: 30/30 MP: 5/10
  1442 | D:3      | Learned a level 4 spell: Throw Icicle
  1567 | D:4      | Noticed Duvessa
  1567 | D:4      | Noticed Dowan
  1850 | D:3      | Reached skill level 1 in Conjurations
  1874 | D:4      | Found a staircase to the Ecumenical Temple.
  1882 | Temple   | Entered the Ecumenical Temple
  1909 | Temple   | Became a worshipper of Vehumet
  1962 | D:4      | Reached XP level 5. HP: 28/35 MP: 6/11
  2032 | D:4      | Noticed an ice beast
  2935 | D:3      | Found a faded altar of an unknown god.
  2952 | D:3      | Reached * piety under Vehumet
  2952 | D:3      | Offered knowledge of Shock by Vehumet.
  3154 | D:4      | Killed Duvessa
  3154 | D:4      | Reached XP level 6. HP: 33/41 MP: 4/12
  3353 | D:4      | Killed Dowan
  3591 | D:4      | Killed an ice beast
  3591 | D:4      | Reached XP level 7. HP: 42/46 MP: 6/13
  4413 | D:5      | Entered Level 5 of the Dungeon
  4511 | D:5      | Found a hide-covered altar of Uskayaw.
  4512 | D:5      | Found a hazy altar of Hepliaklqana.
  4884 | D:5      | Reached skill level 5 in Ice Magic
  4977 | D:5      | Reached skill level 5 in Conjurations
  5528 | D:6      | Reached skill level 5 in Spellcasting
  5534 | D:6      | Noticed Pikel
  5576 | D:6      | Killed Pikel
  5576 | D:6      | Reached XP level 8. HP: 17/52 MP: 15/15
  5921 | D:6      | Noticed Menkaure
  5987 | D:6      | Killed Menkaure
  6266 | D:6      | Found a bloodstained altar of Trog.
  6266 | D:6      | Found a shadowy altar of Dithmenos.
  6618 | D:6      | Reached ** piety under Vehumet
  6649 | D:6      | Offered knowledge of Searing Ray by Vehumet.
  6660 | D:6      | Learned a level 2 spell: Searing Ray
  7941 | D:7      | Noticed Harold
  7990 | D:7      | Noticed Grinder
  7999 | D:7      | Paralysed by Grinder for 3 turns
  8005 | D:7      | Killed Grinder
  8005 | D:7      | Reached XP level 9. HP: 57/57 MP: 2/18
  8604 | D:7      | Offered knowledge of Dazzling Spray by Vehumet.
  8616 | D:7      | Found a basalt altar of Yredelemnul.
  9323 | D:8      | Got a twitching jade ring
  9325 | D:8      | Identified the ring "Zonicaid" {rC+ Int-4 Dex+2 Slay+2
                  | Stlth+} (You found it on level 8 of the Dungeon)
  9333 | D:8      | Found Fucugh Hyinn's Book Shoppe.
  9510 | D:8      | Noticed Erica
  9611 | D:8      | Killed Erica
  9836 | D:8      | Noticed Prince Ribbit
  9840 | D:8      | Killed Prince Ribbit
  9885 | D:8      | Noticed a troll
  9890 | D:8      | Killed a troll
 10134 | D:9      | Reached XP level 10. HP: 63/63 MP: 6/21
 10233 | D:9      | Found Ujifet's Book Shop.
 10244 | D:9      | Reached *** piety under Vehumet
 10496 | D:9      | Reached skill level 1 in Shields
 11116 | D:9      | Noticed a two-headed ogre
 11119 | D:9      | Killed a two-headed ogre
 11348 | D:9      | Offered knowledge of Ignite Poison by Vehumet.
 11590 | D:10     | Entered Level 10 of the Dungeon
 11658 | D:10     | Found a staircase to the Lair.
 11760 | D:10     | Noticed an elephant
 11850 | D:10     | Killed an elephant
 12000 | D:10     | Noticed a two-headed ogre
 12006 | D:10     | Killed a two-headed ogre
 12006 | D:10     | Reached XP level 11. HP: 68/68 MP: 9/24
 12378 | D:10     | Killed an unseen horror
 12794 | D:9      | Reached **** piety under Vehumet
 12850 | D:9      | Slain by a yak

Vault maps used:
D:1:      matt_arrival_spirals, minmay_misc_feat_rows
D:3:      grunt_temple_overflow_forces_of_nature, first_ration,
          chequers_ecumenical_altar_island, kennysheep_generic_room_9
D:4:      minmay_temple_entry_glassed_door, uniq_duvessa
D:5:      gammafunk_temple_overflow_pools, nrook_mini_backslash
D:6:      grunt_temple_overflow_open, hangedman_decor_push, uniq_pikel,
          uniq_grinder, uniq_menkaure
D:7:      serial_glass, glass_columns_b, glass_columns_c,
          minmay_strange_pillars, item_on_display_a, basic_altar, uniq_harold
D:8:      serial_shops, kennysheep_little_box, uniq_prince_ribbit1, uniq_erica
D:9:      serial_shops, shop_fountains
D:10:     lemuel_upstairs_altar, david_lair_generic, hangedman_ranch
Temple:   compressed_dpeg_circular_temple

Skill      XL: |  1  2  3  4  5  6  7  8  9 10 11 |
---------------+----------------------------------+-----
Ice Magic      | 3 4 5 6 8 9 |  9.4
Spellcasting   | 3 4 5 6 7 9 |  9.3
Conjurations   | 1 3 4 5 6 7 9 |  9.4
Shields        | 2 3 |  3.2
Dodging        | |  1.5
Stealth        | |  1.5

Action                   |  1- 3 |  4- 6 |  7- 9 | 10-12 || total
-------------------------+-------+-------+-------+-------++-------
Melee: Unarmed           |    19 |       |       |       ||    19
       Halberd           |       |    43 |       |       ||    43
       Dagger            |       |    16 |    99 |       ||   115
       Great sword       |       |       |    41 |       ||    41
       Long sword        |       |       |     8 |       ||     8
       Scimitar          |       |       |       |    30 ||    30
Throw: Javelin           |     6 |       |       |     1 ||     7
 Cast: Freeze            |    48 |   113 |    88 |    23 ||   272
       Throw Icicle      |       |     3 |    96 |   105 ||   204
       Ozocubu's Armour  |       |     1 |     6 |     1 ||     8
Evoke: Wand              |       |     7 |     7 |    10 ||    24
  Use: Scroll            |       |     6 |     3 |     5 ||    14
 Stab: Sleeping          |       |     5 |     1 |       ||     6
Armor: Robe              |    13 |    32 |    86 |    28 ||   159
Dodge: Dodged            |    49 |    71 |   177 |    28 ||   325
Block: Buckler           |       |       |     1 |    17 ||    18
       Rpst.: Long sword |       |       |    10 |       ||    10
       Great sword       |       |       |    11 |       ||    11
       Scimitar          |       |       |       |     9 ||     9

Table legend:
 A = Non-vault XP
 B = Vault XP
 C = Vault XP percentage of total XP
 D = Non-vault monster count
 E = Vault monster count
 F = Vault count percentage of total count
                 A         B        C        D         E       F
            +---------+---------+-------+---------+---------+-------
      Total |   10369 |    2882 |  21.7 |     221 |      11 |   4.7
            +---------+---------+-------+---------+---------+-------
        D:1 |      36 |       0 |   0.0 |      20 |       0 |   0.0
        D:2 |      44 |       0 |   0.0 |      21 |       0 |   0.0
        D:3 |     173 |       0 |   0.0 |      30 |       0 |   0.0
        D:4 |     527 |     167 |  24.1 |      22 |       2 |   8.3
        D:5 |     338 |       0 |   0.0 |      14 |       0 |   0.0
        D:6 |     954 |     254 |  21.0 |      24 |       2 |   7.7
        D:7 |     798 |     295 |  27.0 |      22 |       1 |   4.3
        D:8 |     843 |    1193 |  58.6 |      16 |       2 |  11.1
        D:9 |    3862 |     103 |   2.6 |      31 |       1 |   3.1
       D:10 |    2794 |     870 |  23.7 |      21 |       3 |  12.5
            +---------+---------+-------+---------+---------+-------
